 Dungeon Crawl Stone Soup version 0.18.1-8-gdd0e5ea (webtiles) character file.

5403 Liquid the Spear-Bearer (level 10, -5/80 HPs)
             Began as a Human Fighter on June 4, 2016.
             Was an Elder of Okawaru.
             Shot with an arrow by a centaur warrior (22 damage)
             ... on level 10 of the Dungeon.
             The game lasted 00:27:26 (8070 turns).

Liquid the Spear-Bearer (Human Fighter)             Turns: 8070, Time: 00:27:26

Health: -5/80      AC: 23    Str: 18    XL:     10   Next: 98%
Magic:  10/10      EV:  6    Int:  9    God:    Okawaru [****..]
Gold:   193        SH: 17    Dex: 14    Spells: 0 memorised, 9 levels left

rFire  . . .     SeeInvis +     C - +2 trident (protect)
rCold  . . .     Gourm    .     S - +0 plate armour
rNeg   . . .     Faith    .     c - +1 shield
rPois  .         Spirit   .     o - +0 helmet
rElec  .         Dismiss  .     z - +1 cloak {+Inv}
rCorr  .         Reflect  +     n - +0 pair of gloves
SustAt .         Harm     .     (no boots)
MR     .....                    T - +5 amulet of reflection
Stlth  ..........               (no ring)
                                e - ring of see invisible

@: not resistant to hostile enchantments, extremely unstealthy
A: no striking features
a: Heroism, Renounce Religion, Evoke Invisibility


You were on level 10 of the Dungeon.
You worshipped Okawaru.
Okawaru was greatly pleased with you.
You were very full.

You visited 2 branches of the dungeon, and saw 11 of its levels.
You also visited: Sewer.

You collected 543 gold pieces.
You spent 350 gold pieces at shops.

Inventory:

Hand Weapons
 C - a +2 trident of protection (weapon)
Missiles
 r - 11 javelins (quivered)
Armour
 c - a +1 shield (worn)
 n - a +0 pair of gloves (worn)
 o - a +0 helmet (worn)
 p - a +2 chain mail of cold resistance
 z - a +1 cloak of invisibility (worn)
 S - a +0 plate armour (worn)
Jewellery
 e - a ring of see invisible (left hand)
 u - an uncursed amulet of magic regeneration
 x - an uncursed amulet of harm
 I - an uncursed amulet of the gourmand
 T - a +5 amulet of reflection (around neck)
Wands
 b - a wand of paralysis (6/24)
 l - a wand of confusion (26/48)
 y - a wand of disintegration (5/24)
 B - a wand of flame (15/48)
 D - a wand of teleportation (3/9)
 E - a wand of acid (9/15)
 J - a wand of flame (10/48)
 M - a wand of lightning (4/15)
Scrolls
 a - 2 scrolls of teleportation
 g - 5 scrolls of remove curse
 j - 4 scrolls of identify
 s - 2 scrolls of enchant armour
 K - a scroll of amnesia
 O - a scroll of recharging
 Q - a scroll of immolation {unknown}
 R - a scroll of enchant weapon
Potions
 h - a potion of haste
 i - 2 potions of invisibility
 k - 2 potions of resistance
 m - a potion of degeneration
 t - 7 potions of curing
 F - a potion of cure mutation
 G - 2 potions of lignification
 H - a potion of heal wounds
 N - a potion of might
Books
 A - an Akashic Record

   Spells                             Type                      Level
   a - Dispersal                      Translocation                6
   b - Malign Gateway                 Summoning/Translocation      7
   c - Disjunction                    Translocation                8
   d - Controlled Blink               Translocation                8
 L - a book of Conjurations

   Spells                             Type                      Level
   a - Magic Dart                     Conjuration                  1
   b - Searing Ray                    Conjuration                  2
   c - Dazzling Spray                 Conjuration/Hexes            3
   d - Fulminant Prism                Conjuration/Hexes            4
   e - Iskenderun's Mystic Blast      Conjuration                  4
   f - Iskenderun's Battlesphere      Conjuration/Charms           5
 P - a book of Transfigurations

   Spells                             Type                      Level
   a - Irradiate                      Conjuration/Transmutation    5
   b - Statue Form                    Transmutation/Earth          6
   c - Hydra Form                     Transmutation                6
   d - Dragon Form                    Transmutation                7
Comestibles
 d - 23 fruits
 f - 12 bread rations
 q - 8 meat rations
 v - 3 beef jerkies
 w - 10 slices of pizza
 U - 2 chunks of flesh


   Skills:
 + Level 7.9 Fighting
 + Level 9.0 Polearms
 + Level 7.5 Armour
 + Level 4.3 Dodging
 + Level 7.5 Shields


You had 9 spell levels left.
You didn't know any spells.

Dungeon Overview and Level Annotations

Branches:
Dungeon (10/15)            Temple (1/1) D:4
   Lair: D:8-11         Orc: D:9-12

Altars:
Ashenzari
Cheibriados
Dithmenos
Elyvilon
Fedhas
Gozag
Kikubaaqudgha
Makhleb
Nemelex Xobeh
Okawaru
Pakellas
Qazlal
Ru
Sif Muna
Trog
Vehumet
Xom
Yredelemnul
Zin
The Shining One

Shops:
D:6 ?   D:8 =


Message History

The centaur warrior is lightly wounded.
You block the centaur warrior's attack.
You hit the centaur warrior.
The centaur warrior is lightly wounded.
You block the centaur warrior's attack.
You hit the centaur warrior.
The centaur warrior is lightly wounded.
You block the centaur warrior's attack. x2
You hit the centaur warrior.
The centaur warrior is lightly wounded.
The centaur warrior hits you but does no damage.
The centaur warrior hits you but does no damage.
The centaur warrior hits you. You block the centaur warrior's attack.
The centaur warrior hits you.
The centaur warrior wields a longbow.
The centaur warrior shoots an arrow.
The arrow hits you!
* * * LOW HITPOINT WARNING * * *
You see here an arrow.
The centaur warrior shoots an arrow.
The arrow hits you!!
You die...

......#[#.#
.......#.# #
#<......
#.#.##..#########
#.......z).......
###...zc#).......
####.##.z......
#(##........
#@##........
#####.##........
#....)<#........
########........
.........


You could see a centaur warrior and a wight.

Vanquished Creatures
  A hydra (D:8)
  Grinder (D:5)
  The ghost of Statics the Sneak, an amateur TeAs of Okawaru (D:4)
  Sigmund (D:2)
  A shadow (D:8)
  A vampire (D:10)
  2 yaks (D:8)
  A hippogriff (D:8)
  Menkaure (D:4)
  An ice beast (D:7)
  Duvessa (D:5)
  An orc warrior (D:8)
  3 phantoms (D:4)
  4 ogres
  2 centaurs
  A crocodile (Sewer)
  4 big kobolds (D:8)
  Blork the orc (D:5)
  4 giant frogs
  Dowan (D:5)
  2 scorpions
  8 wights
  5 crimson imps
  A centaur zombie (D:6)
  2 hounds
  A centaur skeleton (D:8)
  A jelly (D:6)
  5 orc priests
  A giant frog skeleton (D:5)
  5 orc wizards
  Jessica (D:2)
  3 iguanas
  5 worker ants
  2 sheep (D:8)
  A worker ant zombie (D:10)
  Robin (D:3)
  6 adders
  3 river rats (D:3)
  An ooze (D:3)
  An adder skeleton (D:4)
  3 worms
  3 dart slugs
  3 giant geckos
  37 orcs
  4 ball pythons
  2 giant cockroaches (D:3)
  8 goblins (D:3)
  5 hobgoblins
  3 jackals
  16 kobolds
  6 quokkas
  15 bats
  3 giant newts
  10 rats
  A butterfly (D:4)
207 creatures vanquished.

Notes
Turn   | Place    | Note
--------------------------------------------------------------
     0 | D:1      | Liquid the Human Fighter began the quest for the Orb.
     0 | D:1      | Reached XP level 1. HP: 18/18 MP: 1/1
   241 | D:1      | Reached XP level 2. HP: 22/24 MP: 2/2
   698 | D:2      | Reached XP level 3. HP: 28/29 MP: 3/3
   785 | D:2      | Found an ancient bone altar of Kikubaaqudgha.
   865 | D:2      | Found a blossoming altar of Fedhas.
   894 | D:2      | Noticed Sigmund
   932 | D:2      | Killed Sigmund
   932 | D:2      | Reached skill level 3 in Polearms
   932 | D:2      | Reached XP level 4. HP: 21/37 MP: 4/4
   932 | D:2      | Reached XP level 5. HP: 24/42 MP: 5/5
   932 | D:2      | Reached XP level 6. HP: 28/48 MP: 6/6
  1036 | D:2      | Noticed Jessica
  1050 | D:2      | Killed Jessica
  1050 | D:2      | Reached skill level 4 in Polearms
  1464 | D:3      | Noticed Robin
  1498 | D:3      | Killed Robin
  1669 | D:3      | Found a glowing drain.
  1705 | D:3      | HP: 1/48 [river rat (4)]
  1718 | Sewer    | Entered a sewer
  2155 | D:3      | Reached XP level 7. HP: 52/54 MP: 7/7
  2890 | D:4      | Reached skill level 5 in Polearms
  2933 | D:4      | Noticed Statics's ghost (amateur TeAs)
  2959 | D:4      | Killed Statics's ghost
  2974 | D:4      | Reached XP level 8. HP: 50/61 MP: 8/8
  2988 | D:4      | Found a staircase to the Ecumenical Temple.
  2999 | Temple   | Entered the Ecumenical Temple
  3007 | Temple   | Became a worshipper of Warmaster Okawaru
  3189 | D:4      | Reached skill level 5 in Fighting
  3189 | D:4      | Reached skill level 6 in Polearms
  3269 | D:4      | Reached skill level 5 in Shields
  3475 | D:4      | Noticed Menkaure
  3659 | D:4      | Reached skill level 5 in Armour
  3696 | D:4      | Killed Menkaure
  3990 | D:5      | Entered Level 5 of the Dungeon
  3990 | D:5      | Noticed Duvessa
  3990 | D:5      | Noticed Dowan
  4001 | D:4      | Reached * piety under Okawaru
  4098 | D:4      | Reached XP level 9. HP: 57/68 MP: 9/9
  4153 | D:4      | Reached skill level 7 in Polearms
  4185 | D:5      | Killed Duvessa
  4204 | D:5      | Killed Dowan
  4349 | D:5      | Noticed Grinder
  4352 | D:5      | Paralysed by Grinder for 3 turns
  4365 | D:5      | Killed Grinder
  4472 | D:5      | Noticed Blork the orc
  4487 | D:5      | Killed Blork the orc
  5006 | D:6      | Found Beawas Oseb's Magic Scroll Boutique.
  5086 | D:6      | Reached ** piety under Okawaru
  5985 | D:7      | Reached skill level 8 in Polearms
  6060 | D:7      | Reached skill level 1 in Dodging
  6289 | D:7      | Reached XP level 10. HP: 71/77 MP: 10/10
  6472 | D:8      | Found Geoku's Jewellery Shop.
  7094 | D:8      | Reached *** piety under Okawaru
  7126 | D:8      | Noticed a three-headed hydra
  7154 | D:8      | Killed a three-headed hydra
  7726 | D:8      | Found a sacrificial altar of Ru.
  7726 | D:8      | Found a glowing silver altar of Zin.
  7815 | D:8      | Bought a +5 amulet of reflection for 350 gold pieces
  7897 | D:8      | Reached **** piety under Okawaru
  7940 | D:9      | Noticed a rakshasa
  7944 | D:10     | Entered Level 10 of the Dungeon
  7993 | D:10     | Reached skill level 9 in Polearms
  8059 | D:10     | Noticed a centaur warrior
  8070 | D:10     | Shot with an arrow by a centaur warrior

Skill      XL: |  1  2  3  4  5  6  7  8  9 10 |
---------------+-------------------------------+-----
Polearms       | 3 4 5 6 8 9 |  9.0
Fighting       | 4 5 6 7 |  7.9
Armour         | 4 5 6 7 |  7.5
Shields        | 4 5 6 7 |  7.5
Dodging        | 1 4 |  4.3

Action                   |  1- 3 |  4- 6 |  7- 9 | 10-12 || total
-------------------------+-------+-------+-------+-------++-------
Melee: Trident           |    77 |   185 |   703 |   362 ||  1327
Throw: Javelin           |       |       |     2 |     2 ||     4
  Use: Potion            |     1 |     2 |     2 |     2 ||     7
       Scroll            |       |    11 |    11 |     1 ||    23
 Stab: Invisible         |       |     1 |       |       ||     1
  Eat: Chunk             |       |     5 |    17 |    11 ||    33
Armor: Scale mail        |    19 |       |       |       ||    19
       Chain mail        |     8 |   114 |   334 |    75 ||   531
       Plate armour      |       |       |       |    69 ||    69
Dodge: Dodged            |    15 |    38 |   100 |    66 ||   219
Block: Shield            |    19 |   116 |   309 |   206 ||   650
